Cogmind - Beta 9.2 @@@ ROGUE MODE // 2019.11.18 @ 17:26:27 Player: Aaron Result: Destroyed by D-53 Grenadier with Mini Grenade Launcher Performance ------------- Evolutions (0) 0 Regions Visited (2) 400 Robots Destroyed (31) 155 Value Destroyed (322) 322 Prototype IDs (0) 0 Alien Tech Used (0) 0 Bonus (0) 0 TOTAL SCORE: 877 Bonus ------- None Cogmind --------- Core Integrity 0/250 Matter 223/400 Energy 100/100 System Corruption 1% Temperature Cool (0) Movement Core (100) Ox1 Location -10/Mines Parts ------- > --- POWER (1) -------- (None) > --- PROPULSION (2) --- (None) > --- UTILITY (2) ------ Small Storage Unit Medium Matter Pod > --- WEAPON (2) ------- (None) > --- INVENTORY (6) ---- Ion Engine Light Treads Light Treads Large Storage Unit Peak State ------------ > --- POWER ------------ Ion Engine > --- PROPULSION ------- Aluminum Leg Aluminum Leg > --- UTILITY ---------- Small Storage Unit Medium Matter Pod > --- WEAPON ----------- Rocket Launcher Rocket Launcher > --- INVENTORY -------- Ion Engine Light Treads Light Treads Rocket Launcher Rocket Launcher [Rating: 9] Favorites ----------- Power Ion Engine Engine Ion Engine Propulsion Aluminum Leg Leg Aluminum Leg Utility Small Storage Unit Storage Small Storage Unit Weapon Rocket Launcher Ballistic Gun Assault Rifle Launcher Rocket Launcher Build | -11 -10 -10 ------- Run | Scr Mat Min Slots Evolved . | . . . Power . | . . . Propulsion . | . . . Utility . | . . . Weapon . | . . . Parts Attached 11 | 6 3 2 Power 1 | 1 . . Engine 1 | 1 . . Core . | . . . Reactor . | . . . Propulsion 2 | 2 . . Treads . | . . . Leg 2 | 2 . . Wheel . | . . . Hover . | . . . Flight . | . . . Utility 2 | 1 1 . Device . | . . . Storage 2 | 1 1 . Processor . | . . . Hackware . | . . . Protection . | . . . Artifact . | . . . Weapon 6 | 2 2 2 Energy Gun . | . . . Energy Cannon . | . . . Ballistic Gun 2 | 2 . . Ballistic Cannon . | . . . Launcher 4 | . 2 2 Special Weapon . | . . . Impact Weapon . | . . . Slashing Weapon . | . . . Piercing Weapon . | . . . Special Melee Weapon . | . . . Unidentified Prototypes . | . . . Parts Lost 7 | . . 7 Power 1 | . . 1 Propulsion 2 | . . 2 Utility . | . . . Weapon 4 | . . 4 Highest Loss Streak 7 | . . 7 Average Slot Usage (%) 98 | . 98 98 Engine 14 | . 14 14 Leg 27 | . 28 27 Storage 28 | . 28 28 Ballistic Gun 2 | . 7 . Launcher 25 | . 19 27 Naked Turns . | . . . Heaviest Build 19 | 12 19 19 Greatest Support 20 | 20 20 20 Greatest Overweight (x) 1 | 1 . 1 Average Overweight (x) . | . . . Largest Inventory Capacity 6 | 6 6 6 Average Capacity 5 | 5 6 6 Most Carried 6 | 6 6 6 Average Carried 5 | 4 5 5 Final Capacity 6 | 6 6 6 Final Carried 6 | 6 6 4 Class Distribution -------------------- 100% | Mutant Dominant Class ---------------- Mutant | -10/Materials Mutant | -10/Mines Resources | -11 -10 -10 ----------- Run | Scr Mat Min Matter Collected 558 | 390 . 168 Remotely . | . . . Salvage Created 623 | 209 191 223 Parts 43 | 20 12 11 Haulers Intercepted 1 | . 1 . Recyclers Shooed . | . . . Parts Field Recycled . | . . . Retrieved Matter . | . . . Parts Self-Destructed . | . . . Prevented . | . . . Kills | -11 -10 -10 ------- Run | Scr Mat Min Combat Hostiles Destroyed 16 | . 1 15 AOE 16 | . 1 15 Classes Destroyed 8 | 3 3 2 Worker 5 | 2 1 2 Tunneler 5 | 4 1 . Hauler 1 | . 1 . Recycler 3 | 1 1 1 Watcher 1 | . 1 . Swarmer 2 | . . 2 Grunt 5 | . 1 4 Assembled 9 | . . 9 Best Kill Streak 9 | 4 5 9 Combat Bots Only 9 | . 1 9 Max Kills in Single Turn 4 | 1 3 4 Gunslinging . | . . . Exploded 4 | . 1 4 Melee . | . . . Uniques/NPCs Destroyed . | . . . Combat | -11 -10 -10 -------- Run | Scr Mat Min Damage Taken 793 | . 113 680 Core 260 | . 24 236 Absorbed by Shields . | . . . Core Remaining (%) 100 | 100 . . Volleys Fired 34 | 18 3 13 Largest 2 | 2 2 2 Hottest 66 | 40 66 66 Shots Fired 66 | 36 6 24 Gun 36 | 36 . . Cannon . | . . . Launcher 30 | . 6 24 Special . | . . . Kinetic 36 | 36 . . Thermal . | . . . Explosive 30 | . 6 24 Electromagnetic . | . . . Robot Hit Streak 7 | 7 1 5 Robot Miss Streak 2 | 2 1 2 Penetration Max . | . . . Secondary Targets . | . . . Shots Hit Robots 35 | 22 1 12 Core Hits 54 | 10 8 36 Critical Hits . | . . . Critical Kills . | . . . Critical Parts Destroyed . | . . . Melee Attacks . | . . . Impact . | . . . Slashing . | . . . Piercing . | . . . Sneak Attacks . | . . . Combat Hostiles . | . . . Follow-up Attacks . | . . . Damage Inflicted 1749 | 234 308 1207 Guns 234 | 234 . . Cannons . | . . . Explosions 1515 | . 308 1207 Melee . | . . . Ramming . | . . . Kinetic 234 | 234 . . Thermal . | . . . Explosive 1515 | . 308 1207 Electromagnetic . | . . . Impact . | . . . Slashing . | . . . Piercing . | . . . Highest Corruption 1 | . 1 1 Average Corruption 1 | . 1 1 Corruption Purged . | . . . Effects 2 | . 1 1 Message Errors 2 | . 1 1 Overload Shots . | . . . Overflow Damage 70 | . . 70 Projectiles . | . . . Explosions 70 | . . 70 Melee . | . . . Knockbacks . | . . . Impact . | . . . Kinetic . | . . . Secondary . | . . . Self-Inflicted Damage 130 | . 113 17 Shots 5 | . 3 2 Rammed . | . . . Targets Rammed . | . . . Kicked . | . . . Crushed . | . . . Highest Temperature 30 | . 6 30 Average Temperature 9 | . 4 10 Received Heat Transfer 15 | . . 15 Siege Activations . | . . . Robots Corrupted . | . . . Combat Hostiles . | . . . Parts Fried . | . . . Impact Corruptions . | . . . Robots Melted . | . . . Combat Hostiles . | . . . Parts Melted . | . . . Heat Transferred . | . . . Parts Sabotaged . | . . . Parts Stolen . | . . . Parts Stripped . | . . . Power Chain Reactions . | . . . Missiles Intercepted . | . . . Alert | -11 -10 -10 ------- Run | Scr Mat Min Peak Influence 233 | 35 86 233 Average Influence 117 | 12 38 215 Maximum Alert Level 1 | . . 1 Low Security (%) 54 | 100 100 8 Level 1 45 | . . 91 Level 2 . | . . . Level 3 . | . . . Level 4 . | . . . Level 5 . | . . . High Security . | . . . Max Security . | . . . Squads Dispatched . | . . . Investigation . | . . . Extermination . | . . . Reinforcement . | . . . Assault . | . . . Garrison . | . . . Intercept . | . . . Construction Impeded . | . . . Haulers Reinforced . | . . . Stealth | -11 -10 -10 --------- Run | Scr Mat Min Distress Signals . | . . . Communications Jammed . | . . . Distress Signals . | . . . Times Spotted 18 | . 2 16 Peak Tracking Total 6 | . 1 6 Tactical Retreats 2 | . . 2 Traps | -11 -10 -10 ------- Run | Scr Mat Min Traps Triggered . | . . . Indirectly . | . . . Trap Hack Attempts . | . . . Triggered . | . . . Disarmed . | . . . Reprogrammed . | . . . Reused . | . . . Traps Extracted . | . . . Installed . | . . . Triggered . | . . . Machines | -11 -10 -10 ---------- Run | Scr Mat Min Machines Disabled 6 | . 3 3 Max in Single Turn 3 | . 3 1 Machines Sabotaged . | . . . Garrisons Compromised . | . . . Overloaded Fab Kills . | . . . Fab Network Shutdowns . | . . . Hacking | -11 -10 -10 --------- Run | Scr Mat Min Machines Accessed 1 | . 1 . Terminals . | . . . Fabricators . | . . . Repair Stations . | . . . Recycling Units 1 | . 1 . Scanalyzers . | . . . Garrison Access . | . . . Total Hacks 7 | . 7 . Successful 4 | . 4 . Failed 3 | . 3 . Catastrophic . | . . . Database Lockouts . | . . . Manual . | . . . Terminals . | . . . Fabricators . | . . . Repair Stations . | . . . Recycling Units 7 | . 7 . Scanalyzers . | . . . Garrison Access . | . . . Terminal Hacks . | . . . Fabricator Hacks . | . . . Repair Station Hacks . | . . . Recycling Unit Hacks 4 | . 4 . Retrieve Components 4 | . 4 . Scanalyzer . | . . . Garrison Access Hacks . | . . . Unauthorized Hacks . | . . . Terminals . | . . . Fabricators . | . . . Repair Stations . | . . . Recycling Units . | . . . Scanalyzers . | . . . Garrison Access . | . . . Data Cores Recovered . | . . . Used . | . . . Hacking Detections 1 | . 1 . Full Trace Events 1 | . 1 . Feedback Events 1 | . 1 . Corruption 1 | . 1 . Feedback Blocked . | . . . Robot Schematics Acquired . | . . . Robots Built . | . . . Matter . | . . . Time . | . . . Total Robot Build Rating . | . . . Part Schematics Acquired . | . . . Parts Built . | . . . Matter . | . . . Time . | . . . Total Part Build Rating . | . . . Parts Repaired . | . . . Time . | . . . Parts Recycled . | . . . Recycled Matter . | . . . Retrieved Matter . | . . . Retrieved Components . | . . . Parts Scanalyzed . | . . . Part Schematics Acquired . | . . . Parts Damaged . | . . . Bothacking | -11 -10 -10 ------------ Run | Scr Mat Min Used RIF Installer . | . . . Robots Hacked . | . . . Non-combat . | . . . Combat . | . . . Robot Hacks Applied . | . . . Relay Couplers Released . | . . . Robots Rewired . | . . . Allies Hacked . | . . . Hacks Repelled . | . . . Allies | -11 -10 -10 -------- Run | Scr Mat Min Total Allies . | . . . Largest Group . | . . . Highest-Rated Group . | . . . Highest-Rated Ally . | . . . Total Orders . | . . . Ally Attacks . | . . . Total Damage . | . . . Kills . | . . . Allies Corrupted . | . . . Allies Melted . | . . . Intel | -11 -10 -10 ------- Run | Scr Mat Min Robot Analysis Total . | . . . Derelict Logs Recovered . | . . . Drone Launches . | . . . Drone Recoveries . | . . . Exploration | -11 -10 -10 ------------- Run | Scr Mat Min Turns Passed 566 | 172 115 279 Spaces Moved 374 | 95 81 198 Core 16 | 14 . 2 Treads . | . . . Legs 358 | 81 81 196 Wheels . | . . . Hover . | . . . Flight . | . . . Fastest Speed 50 | 50 120 100 Average Speed 117 | 110 120 119 Slowest Speed 120 | 120 120 120 Overloaded Moves . | . . . Propulsion Burnouts . | . . . Robots Hopped . | . . . Cave-ins Triggered . | . . . Exploration Rate (%) 22 | 5 22 41 Regions Visited 2 Branch Regions 1 Pre-discovered Areas . | . . . Known Exits Taken . | . . . Unknown Exits Taken 2 | 1 1 . Scrap Searched 1 | . . 1 Spaces Dug . | . . . Terrain Destroyed 232 | . 47 185 Melee . | . . . Projectile . | . . . AOE 232 | . 47 185 Actions | -11 -10 -10 --------- Run | Scr Mat Min Total 438 | 129 94 215 Wait 2 | . . 2 Move 372 | 94 80 198 Hop . | . . . Pick Up 15 | 11 4 . Fast Attach 2 | 1 1 . Attach 9 | 5 2 2 Detach . | . . . Swap . | . . . Drop 4 | . 4 . Fire 34 | 18 3 13 Melee . | . . . Ram . | . . . Kick . | . . . Crush . | . . . Escape Stasis . | . . . Rewire . | . . . Trap . | . . . Miscellaneous . | . . . Route ------- -11/Scrapyard -10/Materials -10/Mines (discovered 1 exit: [*Mat]) History --------- Turn | Location | Event 4 | -11/Scrapyard | Discovered new exit (range 15) 173 | -11/Scrapyard | Entered Materials 262 | -10/Materials | Discovered new exit (range 16) 288 | -10/Materials | Entered Mines 295 | -10/Mines | Discovered new exit (range 11) 308 | -10/Mines | Build established: Mutant 502 | -10/Mines | Assembled infested the area 507 | -10/Mines | Assisted by a Guerilla fighting off Assembled 559 | -10/Mines | Destroyed 9 combat bots 560 | -10/Mines | Core integrity fell below 50% 566 | -10/Mines | Core integrity fell below 20% 567 | -10/Mines | Destroyed by D-53 Grenadier with Mini Grenade Launcher Last Messages --------------- 00535_ Destroyed Asb. F-torch. 00535_ as-60089 destroyed. [Achievement: Remodeling] 00538_ T-07 Excavator destroyed. 00538_ as-03149 destroyed. 00538_ as-30187 destroyed. 00542_ Rocket Launcher destroyed. 00542_ HV Slug penetrates Wall. 00555_ C-30 ARC bursts open, deploying its payload. 00555_ D-53 Grenadier unfolds itself. 00555_ Aluminum Leg destroyed. 00556_ The unstable cave ceiling collapses. 00557_ Aluminum Leg destroyed. 00557_ Rocket Launcher destroyed. 00558_ The unstable cave ceiling collapses. 00563_ Ion Engine destroyed. 00563_ Rocket Launcher destroyed. 00564_ The unstable cave ceiling collapses. 00565_ Rocket Launcher destroyed. 00566_ The unstable cave ceiling collapses. Map ----- +----------------------------------------------------+ | ???????????? ###?????????????????????????????? | | ????????????? ##???????????????????????????? | | ?????????????? ?????????????????????#?????? | | ????????????? ???????????????????? #?????? | | ?????????????? ##?????????????????? #?????? | | ???????????????? ?????????????????? #?????? | | ?????????????????? # ???????????????### #?????? | | ?????????????????#?## ####???????????# #?????? | | ?????????????????# # ######??##### #?????? | | ?????????????????# # # ## #### # #?????? | | ?????????????????# #?????? | | ???????????????### ##?????? | | ??????????????## # ######### ##??????? | | ???????? ### #???????# #??????? | | ???????? ##??????## ###??????? | | ???????? #???????# #??????? | | ?????????### #???????# #??????? | | ???????????## t d #???????# ##??????? | | ????????????# %d ##??????## #??#####? | | ????????????## ### #???????## #### #? | | ?????????????###??## #???????# #? | | ??????????????????## #????????# #?? | | ????#?????????????# #????????## ####?? | | ???## ??????????## # #?????????### ##????? | | ??## ????????# #???????????# #?????? | | ?? ??????# ## @ #???????????# #?????? | | ? " ????# #???????????# #?????? | | ? ### # #??????????# #?????? | | ? !! ## # #??######## #?????? | | ? *%= ##"####### #??# #?????? | | ? % | ?"##?????# #?# #?????? | | ?? # ?? ??????## ### ########?????? | | ?? ???#### ? ?????## #### ##?????????### | | ????????????##??##???? # # ########### | | ?????????????????????? # ## # | | ??????????????????????????? # ## # | | ???????????????????????????## ## < | | ????????????????????????????# # [ | | ????????????????????????????# # | | ????????????????????????????# # ## # # | | ????????????????????????????#?###### ######### | | ???????????????????????????????????# #####???# | | ??????????????????????????????????### ## ##??# | | ?????????????????????????????????## # ##?# | | ?????????????????????????????????# # ##### | | ?????????????????????????????????# ## ## | | ?????????????????????????????????# # # # | | ?????????????????????????????????# ## | | ?????????????????????????????????# # ### ## | | ?????????????????????????????????# #### | +----------------------------------------------------+ Best States ------------- Heat Dissipation 25 Energy Generation 10 Energy Capacity 250 Matter Stores 390 Matter Capacity 400 Sight Range 16 Terrain Scan Density 10 Evasion (%) 50 Item Schematics ----------------- None Robot Schematics ------------------ None Fabricated ------------ Nothing Alien Tech Used ----------------- None Achievements -------------- Remodeling Challenges ------------ None Game ------ Seed AerolevDynamicAnalyzer Manual? 0 Play Time 00:11:29 Cumulative 3.6 hours Start 2019.11.18 @ 17:16:19 End 2019.11.18 @ 17:26:27 Sessions 1 Manual Loads 0 Difficulty Rogue Special Mode None Game No. 7 Rogue 7 Adventurer 0 Explorer 0 Win Type - Total 0 Types 0/0/0/0/0/0/0 Lore% 10 Gallery% 7 Achievement% 8 Wizard Run 0 Options --------- ASCII 0 Keyboard 0 Movement Mouse Keybinds 0 Fullscreen 1 Font 18/SmallcapsGlow Map View 76x50 Tactical HUD 1 Map Filters NONE Filters NONE Steam 1 RUN: 92a68051-be37-44d6-b3f1-6102e376b762